 Dungeon Crawl Stone Soup version 0.25-a0-523-g9afb2ee040 (webtiles) character file.

Game seed: 17304579342460556421, levelgen mode: deterministic

17049 Flugslaktarn the Cleaver (level 12, -12/112 HPs)
             Began as a Deep Dwarf Fighter on Feb 18, 2020.
             Was an Elder of Makhleb.
             Killed from afar by Jorgrun (50 damage)
             ... with an iron shot
             ... on level 13 of the Dungeon.
             The game lasted 00:06:57 (9035 turns).

Flugslaktarn the Cleaver (Deep Dwarf Fighter)       Turns: 9035, Time: 00:06:57

Health: -12/112    AC: 20    Str: 25    XL:     12   Next: 15%
Magic:  5/5        EV:  1    Int: 11    God:    Makhleb [****..]
Gold:   349        SH: 18    Dex: 14    Spells: 11/11 levels left

rFire    . . .     SeeInvis .   a - +1 war axe
rCold    . . .     Gourm    .   D - +0 tower shield
rNeg     . . .     Faith    .   E - +0 plate armour
rPois    +         Spirit   .   l - +0 helmet
rElec    .         Reflect  .   m - +2 cloak {rPois}
rCorr    .         Harm     .   G - +2 pair of gloves {archery}
MR       +....                  (no boots)
Stlth    ..........             (no amulet)
HPRegen  0.00/turn              j - +4 ring of dexterity
MPRegen  0.09/turn              p - +1 ring of protection

@: grasped by roots, non-regenerating, constricted
A: damage resistance, heal wounds, molten scales 1, clever 1, clumsy 1, deformed
body, sense surroundings 2, no regeneration
a: Heal Wounds, Minor Destruction, Lesser Servant of Makhleb, Major Destruction,
Renounce Religion


You were on level 13 of the Dungeon.
You worshipped Makhleb.
Makhleb was greatly pleased with you.
You were not hungry.

You visited 2 branches of the dungeon, and saw 14 of its levels.
You also visited: Sewer.

You collected 734 gold pieces.
You spent 385 gold pieces at shops.

Inventory:

Hand Weapons
 a - a +1 war axe (weapon)
Missiles
 b - a throwing net (quivered)
Armour
 l - a +0 helmet (worn)
   (You found it on level 10 of the Dungeon)
 m - a +2 cloak of poison resistance (worn)
   (You found it on level 8 of the Dungeon)
 y - +1 swamp dragon scales
   (You took it off Maggie on level 7 of the Dungeon)
 D - a +0 tower shield (worn)
   (You found it on level 8 of the Dungeon)
 E - a +0 plate armour (worn)
   (You found it on level 12 of the Dungeon)
 G - a +2 pair of gloves of archery (worn)
   (You bought it in a shop on level 12 of the Dungeon)
Jewellery
 j - a +4 ring of dexterity (left hand)
   (You found it on level 1 of the Dungeon)
 p - a +1 ring of protection (right hand)
   (You found it on level 10 of the Dungeon)
Wands
 v - a wand of digging (4)
   (You found it on level 11 of the Dungeon)
 x - a wand of iceblast (12)
   (You found it on level 10 of the Dungeon)
 z - a wand of scattershot (8)
   (You found it on level 9 of the Dungeon)
 C - a wand of enslavement (9)
   (You found it on level 7 of the Dungeon)
Scrolls
 c - 2 scrolls of silence
 f - a scroll of magic mapping
 g - 2 scrolls of enchant armour
 i - a scroll of noise {unknown}
 r - 3 scrolls of identify
 t - 6 scrolls of teleportation
 w - 5 scrolls of remove curse
 B - 3 scrolls of blinking
 H - a scroll of fear
 I - a scroll of fog
Potions
 d - a potion of might
 h - 5 potions of haste
 k - 3 potions of stabbing
 n - a potion of resistance
 q - 6 potions of curing
 s - 5 potions of heal wounds
 u - a potion of magic
 A - a potion of invisibility
 F - a potion of lignification
 J - a potion of flight {unknown}
Comestibles
 e - 23 rations
 o - 2 chunks of flesh


   Skills:
 + Level 8.4 Fighting
 * Level 13.0 Axes
 + Level 10.0 Armour
 + Level 9.9 Shields
 + Level 8.4 Invocations


You had 11 spell levels left.
You didn't know any spells.
Your spell library was empty.

Dungeon Overview and Level Annotations

Branches:
Dungeon (13/15)            Temple (1/1) D:6            Lair (0/6) D:11
    Orc (0/2) D:10          Sewer (visited)
 Vaults: D:13-14

Altars:
Ashenzari
Cheibriados
Dithmenos
Fedhas
Gozag
Kikubaaqudgha
Makhleb
Okawaru
Trog
Uskayaw
Wu Jian
Xom
Yredelemnul
Zin
The Shining One

Shops:
D:9 =   D:11 *   D:12 }*?

Annotations:
D:8 2 transporters, Gruesome's ghost, novice DrEE
D:13 Jorgrun


Innate Abilities, Weirdness & Mutations

You are resistant to damage.
You can heal yourself by infusing magical energy.
You passively map the area around you.
You do not regenerate.
You are partially covered in molten scales. (AC +2)
Your mind is acute. (Int +2)
You are clumsy. (Dex -2)
Armour fits poorly on your strangely shaped body.


Message History

You are too injured to fight recklessly!
You feel much better. The grasping roots constrict you! The troll bites you.
The troll claws you! The troll claws you but does no damage.
You hit the troll but do no damage.
The troll is lightly wounded.
The grasping roots constrict you. The troll bites you but does no damage.
You block the troll's attack. x2
You are too injured to fight recklessly!
You are too injured to fight recklessly!
You are too injured to fight recklessly!
You are too injured to fight recklessly!
Your magical essence is drained by the effort!
You feel much better. The grasping roots constrict you. The troll bites you.
You block the troll's attack. The troll claws you.
A demon appears!
The grasping roots constrict you!
A demon appears!
A demon appears!
Jorgrun gestures at you while chanting. The iron shot hits you!!!
You die...

, , , , , , , ,, , *** **
, * , , , * ,,, . , ,
...... * * ,
.......############* , ,
.........T444......,, *
,#........g@...# **
#.##########..# #.# #..#
#^# * #..#
#######.##########..#
..............))....#### *
*
...............))........,
,
...............).........,
......<.......###########,
*


You could see Jorgrun, a troll, 2 friendly orange demons and a friendly
hellwing.

Vanquished Creatures
  4 two-headed ogres
  Nergalle (D:11)
  A deep elf mage (D:13)
  A wolf spider zombie (D:13)
  A cyclops (D:12)
  An ugly thing (D:11)
  Maurice (D:11)
  A gargoyle (D:13)
  Maggie (D:7)
  2 trolls
  2 hornets
  2 slime creatures (D:12)
  2 hippogriffs
  A shadow (D:11)
  A wraith (D:12)
  10 yaks
  2 wyverns
  A hungry ghost (D:12)
  3 basilisks (D:11)
  Menkaure (D:4)
  A warg (D:10)
  Edmund (D:6)
  2 soldier ants (D:8)
  4 porcupines (D:11)
  A water moccasin (D:10)
  An orc warrior (D:10)
  7 black bears
  8 ogres
  A sky beast (D:8)
  An eye of draining (D:10)
  An ice beast (D:5)
  A necrophage (D:10)
  A phantom (D:7)
  2 wolves (D:11)
  11 centaurs
  A crocodile (D:11)
  4 big kobolds
  7 bullfrogs
  A water moccasin zombie (D:8)
  5 scorpions
  An electric eel (D:9)
  14 wights
  A howler monkey (D:10)
  A bullfrog zombie (D:9)
  4 crimson imps
  3 centaur zombies
  4 orc priests
  4 hounds
  3 bullfrog skeletons
  A gnoll shaman (D:6)
  2 jellies
  Crazy Yiuf (D:7)
  2 centaur skeletons
  An iguana (D:7)
  8 worker ants
  6 orc wizards
  2 killer bee zombies (D:7)
  2 hound zombies
  A hound skeleton (D:8)
  A worker ant zombie (D:7)
  13 adders
  8 gnolls
  3 river rats (Sewer)
  A shadow imp (D:8)
  4 oozes (Sewer)
  An adder zombie (D:7)
  6 worms
  2 dart slugs
  7 leopard geckos
  43 orcs
  4 bats
  2 giant cockroaches
  3 goblins
  4 hobgoblins (D:1)
  5 jackals
  3 quokkas
  2 ball pythons
  4 frilled lizards
  13 kobolds
  2 leopard gecko zombies (D:7)
  9 rats
301 creatures vanquished.

Vanquished Creatures (collateral kills)
  A guardian serpent (D:12)
  A bullfrog (D:11)
  A crimson imp (D:12)
  A centaur zombie (D:12)
  An orc priest (D:12)
  A jelly (D:12)
6 creatures vanquished.

Grand Total: 307 creatures vanquished

Notes
Turn   | Place    | Note
-------+----------+-------------------------------------------
     0 | D:1      | Flugslaktarn the Deep Dwarf Fighter began the quest for the
                  | Orb.
     0 | D:1      | Reached XP level 1. HP: 20/20 MP: 1/1
   130 | D:1      | Reached XP level 2. HP: 27/27 MP: 2/2
   453 | D:3      | Reached skill level 3 in Axes
   453 | D:3      | Reached XP level 3. HP: 30/33 MP: 3/3
   517 | D:3      | Found a basalt altar of Yredelemnul.
   543 | D:3      | Reached XP level 4. HP: 25/42 MP: 4/4
   627 | D:4      | Noticed Menkaure
   631 | D:4      | Killed Menkaure
   631 | D:4      | Reached skill level 4 in Axes
   631 | D:4      | Reached XP level 5. HP: 22/49 MP: 5/5
   919 | D:4      | Reached XP level 6. HP: 34/56 MP: 6/6
   939 | D:4      | Found an iron altar of Okawaru.
  1115 | D:4      | Found a snail-covered altar of Cheibriados.
  1206 | D:5      | Entered Level 5 of the Dungeon
  1265 | D:5      | Found a glowing drain.
  1269 | Sewer    | Entered a sewer
  1308 | Sewer    | Reached skill level 5 in Axes
  1599 | Sewer    | Reached XP level 7. HP: 52/64 MP: 7/7
  1773 | Sewer    | Reached skill level 5 in Armour
  1773 | Sewer    | Reached skill level 5 in Shields
  1860 | D:5      | Reached skill level 6 in Axes
  2040 | D:5      | Found an ancient bone altar of Kikubaaqudgha.
  2468 | D:5      | Found a shimmering altar of Xom.
  2469 | D:5      | Found an opulent altar of Gozag.
  2806 | D:6      | Found a staircase to the Ecumenical Temple.
  2849 | D:6      | Reached XP level 8. HP: 47/73 MP: 7/7
  2903 | D:6      | Found a glowing golden altar of the Shining One.
  2922 | Temple   | Entered the Ecumenical Temple
  2959 | Temple   | Became a worshipper of Makhleb the Destroyer
  3043 | D:6      | Reached skill level 7 in Axes
  3284 | D:6      | Noticed Edmund
  3302 | D:6      | Killed Edmund
  3419 | D:7      | Reached skill level 5 in Fighting
  3495 | D:7      | Noticed Maggie
  3520 | D:7      | Killed Maggie
  3520 | D:7      | Reached skill level 8 in Axes
  3801 | D:7      | Gained mutation: You passively map the area around you.
                  | [Deep Dwarf growth]
  3801 | D:7      | Reached XP level 9. HP: 48/81 MP: 8/8
  3809 | D:7      | Reached * piety under Makhleb
  4112 | D:7      | Found a runed translucent door.
  4113 | D:7      | Noticed Crazy Yiuf
  4403 | D:7      | Killed Crazy Yiuf
  4403 | D:7      | Reached skill level 1 in Invocations
  4499 | D:8      | Found a transporter.
  4533 | D:8      | Gained mutation: Armour fits poorly on your strangely
                  | shaped body. [potion of mutation]
  4533 | D:8      | Gained mutation: You are clumsy. (Dex -2) [potion of
                  | mutation]
  4533 | D:8      | Gained mutation: You are partially covered in molten
                  | scales. (AC +2) [potion of mutation]
  4533 | D:8      | Gained mutation: Your mind is acute. (Int +2) [potion of
                  | mutation]
  4622 | D:8      | Reached skill level 9 in Axes
  4785 | D:8      | Noticed a moth of wrath
  4796 | D:8      | Found a bloodstained altar of Trog.
  4806 | D:8      | Found a transporter.
  4807 | D:8      | Noticed a cyclops
  4807 | D:8      | Noticed Gruesome's ghost (novice DrEE)
  4954 | D:8      | Reached ** piety under Makhleb
  5121 | D:8      | Noticed a two-headed ogre
  5141 | D:8      | Killed a two-headed ogre
  5242 | D:8      | Reached skill level 10 in Axes
  5242 | D:8      | Reached XP level 10. HP: 55/92 MP: 11/11
  5264 | D:8      | Paralysed by a hornet for 2 turns
  5463 | D:9      | Found Zistry's Jewellery Shop.
  5751 | D:10     | Entered Level 10 of the Dungeon
  5977 | D:10     | Noticed a two-headed ogre
  5987 | D:10     | Reached skill level 5 in Invocations
  6007 | D:10     | Killed a two-headed ogre
  6007 | D:10     | Reached skill level 11 in Axes
  6129 | D:10     | Reached *** piety under Makhleb
  6162 | D:10     | Found a staircase to the Orcish Mines.
  6301 | D:10     | Noticed a two-headed ogre
  6313 | D:10     | Killed a two-headed ogre
  6313 | D:10     | Reached XP level 11. HP: 49/100 MP: 9/9
  7409 | D:11     | Noticed Nergalle
  7455 | D:11     | Killed Nergalle
  7459 | D:11     | Reached skill level 12 in Axes
  7476 | D:11     | Found a staircase to the Lair.
  7585 | D:11     | Found Asocsie's General Store.
  7608 | D:11     | Bought a scroll of blinking for 112 gold pieces
  7619 | D:11     | Noticed a purple ugly thing
  7632 | D:11     | Killed a purple ugly thing
  7653 | D:11     | Noticed Maurice
  7668 | D:11     | Killed Maurice
  7701 | D:11     | Reached **** piety under Makhleb
  8065 | D:12     | Found Ranodwoah's Gadget Shoppe.
  8065 | D:12     | Found Lojicec's Assorted Antiques.
  8137 | D:12     | Bought a pair of runed gloves for 172 gold pieces
  8148 | D:12     | Bought a scroll labeled ACZAPUIK PEWYPNE for 23 gold pieces
  8148 | D:12     | Bought a scroll labeled MEMPIT TOITTI for 23 gold pieces
  8642 | D:12     | Noticed a two-headed ogre
  8656 | D:12     | Killed a two-headed ogre
  8656 | D:12     | Reached XP level 12. HP: 85/111 MP: 8/8
  8850 | D:12     | Found Biez's Magic Scroll Shoppe.
  8862 | D:12     | Bought a scroll of fear for 35 gold pieces
  8862 | D:12     | Bought a scroll of fog for 20 gold pieces
  8992 | D:13     | Reached skill level 10 in Armour
  9005 | D:13     | Reached skill level 13 in Axes
  9025 | D:13     | Noticed Jorgrun
  9035 | D:13     | Killed from afar by Jorgrun

Levels and vault maps discovered:
D:1:      dpeg_arrival_simpleton_c, layout_loops_corners
D:2:      layout_loops_ring, uniq_robin
D:3:      layout_basic, yredelemnul_altar_generic
D:4:      layout_basic, okawaru_trees_1, kennysheep_slug_shrine, first_ration,
          uniq_menkaure
D:5:      layout_basic, overflow_temple_1_default,
          gammafunk_temple_overflow_pools, gup_sewer_entry_bowl
D:6:      layout_gridville, lemuel_round_altar,
          minmay_temple_entry_statues_pillars, uniq_edmund
D:7:      layout_basic, uniq_maggie, uniq_crazy_yiuf_cottage
D:8:      layout_loops_ring, gammafunk_ghost_wrathful_warriors,
          hangedman_pestilent_swarm
D:9:      layout_basic, serial_shops,
          nicolae_shop_temple_entry_statues_fountains
D:10:     layout_layer_cave, david_orc_3
D:11:     layout_gridville, minmay_lair_entry_grove, serial_shops, shop_coins,
          minmay_misc_feat_more_columns, uniq_maurice, uniq_nergalle
D:12:     layout_loops_ring, serial_shops, nicolae_shop_crystal,
          nicolae_shop_trees, shop_fountains, nrook_guardian_serpent_ordinary
D:13:     layout_long_grid, uniq_jorgrun, uniq_erolcha
Temple:   nicolae_temple_elliptical

Skill      XL: |  1  2  3  4  5  6  7  8  9 10 11 12 |
---------------+-------------------------------------+-----
Axes           | 3 4 5 6 8 10 11 12 13 | 13.0
Fighting       | 3 4 5 6 7 8 |  8.4
Armour         | 4 5 6 7 8 9 10 | 10.0
Shields        | 4 5 6 7 8 9 |  9.9
Invocations    | 3 6 8 |  8.4

Action                   |  1- 3 |  4- 6 |  7- 9 | 10-12 || total
-------------------------+-------+-------+-------+-------++-------
Melee: War axe           |   105 |   192 |   553 |   595 ||  1445
Invok: Lesser Servant of |       |       |       |     6 ||     6
 Abil: Heal Wounds       |       |     3 |    13 |    23 ||    39
Evoke: Wand              |       |       |       |     1 ||     1
  Use: Scroll            |       |       |    18 |     4 ||    22
       Potion            |       |       |     1 |       ||     1
 Stab: Distracted        |       |       |       |     4 ||     4
  Eat: Chunk             |       |     3 |    13 |    12 ||    28
       Ration            |       |       |       |     1 ||     1
Armor: Scale mail        |    42 |     9 |       |       ||    51
       Chain mail        |       |    71 |   131 |       ||   202
       Swamp dragon scal |       |       |    85 |   245 ||   330
       Plate armour      |       |       |       |    84 ||    84
Dodge: Dodged            |    44 |    44 |   122 |   155 ||   365
Block: Kite shield       |    53 |    92 |   195 |       ||   340
       Tower shield      |       |       |    88 |   578 ||   666

Table legend:
 A = Non-vault XP
 B = Vault XP
 C = Vault XP percentage of total XP
 D = Non-vault monster count
 E = Vault monster count
 F = Vault count percentage of total count
                 A         B        C        D         E       F
            +---------+---------+-------+---------+---------+-------
      Total |   19004 |    5352 |  22.0 |     242 |      65 |  21.2
            +---------+---------+-------+---------+---------+-------
        D:1 |      25 |       0 |   0.0 |      14 |       0 |   0.0
        D:2 |       8 |       0 |   0.0 |       5 |       0 |   0.0
        D:3 |      75 |       0 |   0.0 |      17 |       0 |   0.0
        D:4 |     166 |     176 |  51.5 |      14 |       2 |  12.5
        D:5 |     353 |      14 |   3.8 |       9 |       4 |  30.8
        D:6 |     495 |     169 |  25.5 |      13 |       1 |   7.1
        D:7 |    1115 |     434 |  28.0 |      34 |       2 |   5.6
        D:8 |    2070 |     612 |  22.8 |      26 |       4 |  13.3
        D:9 |    1291 |       0 |   0.0 |      17 |       0 |   0.0
       D:10 |    4104 |     350 |   7.9 |      26 |       8 |  23.5
       D:11 |    2230 |    2863 |  56.2 |      24 |      15 |  38.5
       D:12 |    5417 |     313 |   5.5 |      36 |       1 |   2.7
       D:13 |    1655 |       0 |   0.0 |       7 |       0 |   0.0
      Sewer |       0 |     421 | 100.0 |       0 |      28 | 100.0
            +---------+---------+-------+---------+---------+-------
